Map: Frostline LE

Players

Sigil - Winner!

  • Race: Zerg Zerg
  • League: Grandmaster
  • Spawn Location: 7:00

A.I. 1 (Very Easy)

  • Race: Protoss Protoss
  • Spawn Location: 1:00

VOD

Have the link to the VOD?

Description

Time

  • Played on: March 9, 2025, 3:40 p.m.
  • Length: 8:28
Show
View Real Time Build Order
Export as new Build Order

Sigil Zerg - Winner!

Build Orders: Hatch First, Roach Hydra 

Get SALT Encoding   

  12  0:00  Drone  
  13  0:12  Overlord  
  13  0:19  Drone  
  14  0:31  Drone x2  
  16  0:46  Hatchery  
  16  0:49  Drone  
  16  0:53  Drone  
  16  0:57  Drone  
  18  1:06  Extractor  
  17  1:11  Spawning Pool  
  17  1:14  Drone  
  17  1:18  Drone  
  18  1:28  Drone  
  19  1:41  Drone  
  20  1:49  Overlord  
  20  1:59  Zergling x2  
  20  2:00  Queen x2, Zergling x2  
  26  2:10  Drone  
  26  2:11  Drone  
  26  2:12  Metabolic Boost  
  28  2:21  Drone  
  29  2:23  Drone  
  30  2:35  Hatchery  
  29  2:42  Drone x3  
  32  2:46  Overlord  
  32  2:54  Queen  
  32  2:57  Drone  
  35  2:59  Drone  
  36  3:11  Drone x5  
  41  3:13  Overlord  
  41  3:20  Queen  
  41  3:23  Drone  
  44  3:32  Drone  
  44  3:33  Drone  
  46  3:35  Drone  
  46  3:40  Roach Warren  
  46  3:45  Zergling x8  
  50  3:51  Extractor  
  50  3:53  Queen  
  50  3:54  Overlord  
  51  3:57  Drone  
  51  3:58  Drone x2  
  54  4:07  Overlord  
  54  4:17  Lair  
  54  4:19  Drone  
  54  4:20  Drone  
  54  4:21  Evolution Chamber  
  54  4:22  Drone x8  
  63  4:27  Drone x3  
  66  4:35  Drone x2  
  69  4:38  Drone x3  
  71  4:46  Drone x3  
  71  4:51  Zerg Missile Weapons Level 1, Overlord x2  
  71  4:52  Overlord  
  74  5:03  Extractor x2, Drone x2  
  74  5:09  Hatchery  
  74  5:13  Extractor x2, Drone x7  
  78  5:15  Drone x2  
  78  5:16  Drone  
  78  5:18  Drone  
  78  5:21  Glial Reconstitution  
  82  5:24  Hydralisk Den  
  81  5:32  Drone  
  81  5:33  Drone  
  81  5:34  Drone  
  84  5:35  Spore Crawler  
  84  5:38  Spore Crawler x2  
  84  5:39  Overlord x3  
  81  5:51  Overlord x2  
  81  5:52  Overlord x2  
  81  5:53  Overlord x2  
  81  5:55  Grooved Spines  
  81  5:57  Hydralisk  
  81  5:59  Roach  
  81  6:01  Hydralisk  
  81  6:03  Hydralisk  
  89  6:06  Hydralisk  
  91  6:11  Hydralisk x2  
  91  6:13  Hydralisk  
  91  6:15  Roach  
  91  6:16  Roach  
  91  6:18  Roach  
  103  6:19  Roach  
  103  6:21  Roach  
  103  6:23  Roach  
  103  6:25  Roach  
  111  6:28  Roach x2  
  111  6:30  Roach  
  111  6:31  Roach  
  119  6:33  Roach  
  119  6:35  Roach  
  119  6:36  Roach  
  119  6:38  Roach  
  119  6:39  Ravager  
  128  6:40  Ravager  
  128  6:46  Muscular Augments  
  129  6:47  Roach  
  129  6:48  Hydralisk  
  133  6:56  Roach x4  
  133  6:58  Roach  
  133  7:00  Roach  
  133  7:01  Roach  
  147  7:02  Roach  
  147  7:04  Roach  
  147  7:06  Hydralisk  
  147  7:08  Hydralisk  
  153  7:12  Overseer  
  153  7:14  Overseer  
  155  7:18  Hydralisk  
  155  7:19  Hydralisk x2  
  155  7:22  Hydralisk  
  161  7:25  Hydralisk  
  161  7:28  Hydralisk  
  167  7:31  Hydralisk  
  167  7:33  Hydralisk  
  167  7:35  Hydralisk  
  173  7:37  Zergling x4  
  173  7:38  Zergling x2  
  173  7:41  Overlord  
  173  7:42  Overlord  
  173  7:43  Overlord  
  175  8:03  Hydralisk x8  
  175  8:04  Overlord  
Show
View Real Time Build Order
Export as new Build Order

A.I. 1 (Very Easy) Protoss 

Build Orders:  

Get SALT Encoding   

  12  0:00  Probe  
  13  0:13  Probe  
  14  0:19  Pylon  
  14  0:37  Assimilator  
  14  0:41  Gateway  
  14  0:45  Pylon  
  14  1:13  Assimilator  
  14  1:22  Zealot  
  14  1:24  Probe  
  14  1:32  Probe, Cybernetics Core  
  18  1:42  Probe  
  19  1:54  Probe  
  20  2:02  Probe  
  20  2:08  Warp Gate  
  21  2:10  Probe  
  22  2:42  Stalker  
  24  4:10  Probe  
  24  5:16  Probe  
  24  7:21  Probe  
  24  7:27  Adept, Pylon  
  24  7:29  Probe  
  27  7:30  Robotics Facility  
  27  7:33  Nexus  
  28  7:37  Probe  
  29  7:45  Probe  
  30  7:54  Pylon  
  30  7:57  Probe  
  25  8:09  Probe  
  23  8:15  Pylon  
Tags
 
Composition
Roach Hydra
Matchup
PvZ
Spawn Locations
Cross Positions
Add a new tag
Caveats
  • Supply blocks, unpowered buildings, or Contaminate may cause inaccurate times.
  • Supply counts are checked every 10 seconds.